[Event "Mitropa Cup Open 2019"]
[Site "Radenci"]
[Date "2019.05.27"]
[Round "1.3"]
[White "Schmidek, Emil"]
[Black "Kozak, Adam"]
[Result "0-1"]
[ECO "C65"]
[WhiteElo "2396"]
[BlackElo "2458"]
[Annotator "RC"]
[PlyCount "136"]
[EventDate "2019.05.27"]
[EventType "team-tourn"]
[EventCountry "SLO"]
[SourceTitle "playchess.com"]
[Source "ChessBase"]
[SourceQuality "1"]
[WhiteTeam "Germany"]
[BlackTeam "Hungary"]
[WhiteTeamCountry "GER"]
[BlackTeamCountry "HUN"]
[TimeControl "40/5400+30:1800+30"]

1. e4 e5 2. Nf3 Nc6 3. Bb5 Nf6 4. d3 Bc5 5. O-O Nd4 6. Bc4 d6 7. h3 Nxf3+ 8. Qxf3 h6 9. Nc3 O-O 10. Ne2 Nh7 11. Ng3 Qh4 12. Nf5 Qf6 13. g4 Be6 14. Bb3 a5 15. c3 c6 16. Kh1 d5 17. Qg3 dxe4 18. dxe4 Rfd8 19. f4 Bxf5 20. gxf5 Bd6 21. a3 Re8 22. Qg6 exf4 23. Bxf4 Bxf4 24. Rxf4 Ng5 25. Qxf6 gxf6 26. Rg1 Kf8 27. Re1 Nxh3 28. Rh4 Ng5 29. Rxh6 Kg7 30. Rh4 Re5 31. Bc2 Rae8 32. Rg1 Rd8 33. Rh2 Rd7 34. Re2 Re8 35. Kg2 Rde7 36. Kg3 Rh8 37. Rh2 Rxh2 38. Kxh2 Kf8 39. Rg4 Nf3+ 40. Kg3 Ne5 41. Rh4 Nc4 42. e5 Nxe5 43. Kf2 Rd7 44. Ke2 Ke7 45. a4 Rd8 46. b4 b6 47. Be4 axb4 48. cxb4 Rd4 49. a5 bxa5 50. bxa5 Ra4 51. a6 Rxa6 52. Bc2 Ra2 53. Kd1 c5 54. Rh8 Nf3 55. Be4 Ne5 56. Rb8 c4 57. Rc8 Kd7 58. Rc5 Kd6 59. Rd5+ Kc7 60. Rc5+ Kb6 61. Rc8 Kb5 62. Rc7 Kb4 63. Bd5 Rf2 64. Be4 Kc3 65. Ke1 Rf4 66. Bb1 Rh4 67. Rb7 Rh1+ 68. Ke2 Rh2+ 0-1

[Event "Mitropa Cup Open 2019"]
[Site "Radenci"]
[Date "2019.05.27"]
[Round "1.15"]
[White "Di Nicolantonio, Lucas"]
[Black "Gaehwiler, Gabriel"]
[Result "1-0"]
[ECO "B94"]
[WhiteElo "2379"]
[BlackElo "2431"]
[Annotator "RC"]
[PlyCount "85"]
[EventDate "2019.05.27"]
[EventType "team-tourn"]
[EventCountry "SLO"]
[SourceTitle "playchess.com"]
[Source "ChessBase"]
[SourceQuality "1"]
[WhiteTeam "France"]
[BlackTeam "Switzerland"]
[WhiteTeamCountry "FRA"]
[BlackTeamCountry "SUI"]
[TimeControl "40/5400+30:1800+30"]

1. e4 c5 2. Nf3 d6 3. d4 cxd4 4. Nxd4 Nf6 5. Nc3 a6 6. Bg5 Nbd7 7. Qe2 b5 8. O-O-O Bb7 9. f4 Rc8 10. e5 Rxc3 11. exf6 gxf6 12. Nf5 Rc6 13. Bh4 e6 14. Kb1 Qc7 15. Nd4 Rc5 16. Qe3 Be7 17. Bd3 Nb6 18. Rhe1 Nc4 19. Nxe6 fxe6 20. Qxe6 Ne5 21. fxe5 fxe5 22. Rf1 Bc8 23. Qf7+ Kd8 24. Qg7 Re8 25. Qxh7 Be6 26. Bg6 Rg8 27. Qxe7+ Qxe7 28. Rxd6+ Bd7 29. Bxe7+ Kxe7 30. Rxa6 Rc6 31. Rxc6 Bxc6 32. Bf5 Rxg2 33. h3 e4 34. Kc1 Kd6 35. Bg4 Ke5 36. Re1 Kf4 37. Re2 Rxe2 38. Bxe2 Ke3 39. Kd1 Kf2 40. h4 e3 41. h5 Bg2 42. h6 Bf1 43. Bh5 1-0

[Event "Mitropa Cup Open 2019"]
[Site "Radenci"]
[Date "2019.05.27"]
[Round "1.19"]
[White "Repka, Christopher"]
[Black "Tica, Sven"]
[Result "1-0"]
[ECO "D36"]
[WhiteElo "2482"]
[BlackElo "2417"]
[Annotator "RC"]
[PlyCount "73"]
[EventDate "2019.05.27"]
[EventType "team-tourn"]
[EventCountry "SLO"]
[SourceTitle "playchess.com"]
[Source "ChessBase"]
[SourceQuality "1"]
[WhiteTeam "Slovakia"]
[BlackTeam "Croatia"]
[WhiteTeamCountry "SVK"]
[BlackTeamCountry "CRO"]
[TimeControl "40/5400+30:1800+30"]

1. d4 d5 2. c4 e6 3. Nc3 Nf6 4. cxd5 exd5 5. Bg5 c6 6. Qc2 Bd6 7. e3 O-O 8. Bd3 h6 9. Bh4 Re8 10. Nge2 Nbd7 11. h3 Nf8 12. g4 Ne6 13. O-O-O b5 14. f4 b4 15. Na4 Bd7 16. Kb1 Rc8 17. Nc5 Nxc5 18. dxc5 Bf8 19. e4 g5 20. fxg5 Nxe4 21. Bxe4 Rxe4 22. Ng3 Rc4 23. Qd2 Be7 24. b3 Rc3 25. Nh5 hxg5 26. Qd4 Qf8 27. Be1 Rf3 28. Bxb4 f5 29. Rde1 Be8 30. Bc3 Bg6 31. Re6 Bxh5 32. gxh5 Kh7 33. Rhe1 Bxc5 34. Qe5 Qf7 35. Rg6 Rg8 36. Rxc6 Bb6 37. Qxd5 1-0

[Event "Mitropa Cup Open 2019"]
[Site "Radenci"]
[Date "2019.05.28"]
[Round "2.1"]
[White "Mihok, Oliver"]
[Black "Jovanic, Ognjen"]
[Result "1-0"]
[ECO "C43"]
[WhiteElo "2541"]
[BlackElo "2511"]
[Annotator "RC"]
[PlyCount "87"]
[EventDate "2019.05.27"]
[EventType "team-tourn"]
[EventCountry "SLO"]
[SourceTitle "playchess.com"]
[Source "ChessBase"]
[SourceQuality "1"]
[WhiteTeam "Hungary"]
[BlackTeam "Croatia"]
[WhiteTeamCountry "HUN"]
[BlackTeamCountry "CRO"]
[TimeControl "40/5400+30:1800+30"]

1. e4 e5 2. Nf3 Nf6 3. d4 Nxe4 4. Bd3 d5 5. Nxe5 Nd7 6. Nxd7 Bxd7 7. O-O Bd6 8. Qh5 Qf6 9. Nc3 Qxd4 10. Be3 Qe5 11. Qxe5+ Bxe5 12. Nxd5 Nf6 13. Rae1 Nxd5 14. Bd4 f6 15. Bxe5 O-O-O 16. Bg3 Nb4 17. Bc4 Nxc2 18. Re7 g5 19. Rd1 Nb4 20. Rdxd7 Rxd7 21. Be6 Rhd8 22. Rxh7 Nd5 23. h4 gxh4 24. Bxh4 c5 25. Rf7 b5 26. g4 Kc7 27. Bxd5 Kd6 28. Rxf6+ Kxd5 29. Rf5+ Kd4 30. Bxd8 Rxd8 31. g5 a6 32. g6 c4 33. g7 Rg8 34. Rf7 Ke5 35. Kf1 Ke6 36. Ra7 Kf6 37. a3 Rxg7 38. Rxa6+ Ke5 39. Rb6 Kd4 40. Rxb5 Kd3 41. a4 Ra7 42. a5 Ra8 43. Kg2 Ke4 44. Rb4 1-0

[Event "Mitropa Cup Open 2019"]
[Site "Radenci"]
[Date "2019.05.28"]
[Round "2.7"]
[White "Studer, Noel"]
[Black "Repka, Christopher"]
[Result "0-1"]
[ECO "A13"]
[WhiteElo "2517"]
[BlackElo "2482"]
[Annotator "RC"]
[PlyCount "66"]
[EventDate "2019.05.27"]
[EventType "team-tourn"]
[EventCountry "SLO"]
[SourceTitle "playchess.com"]
[Source "ChessBase"]
[SourceQuality "1"]
[WhiteTeam "Switzerland"]
[BlackTeam "Slovakia"]
[WhiteTeamCountry "SUI"]
[BlackTeamCountry "SVK"]
[TimeControl "40/5400+30:1800+30"]

1. c4 e6 2. g3 d5 3. Bg2 a6 4. Qb3 Nf6 5. d4 c5 6. cxd5 exd5 7. Bg5 Nc6 8. Bxf6 Qxf6 9. Bxd5 Nxd4 10. Qd3 Bf5 11. e4 Bg4 12. Nc3 Rd8 13. Rc1 b5 14. b3 c4 15. bxc4 Ba3 16. Rb1 bxc4 17. Qxc4 Rc8 18. Qa4+ Bd7 19. Bxf7+ Qxf7 20. Qxd4 O-O 21. f4 Rc4 22. Qd3 Bb4 23. Rxb4 Rxb4 24. Nf3 Bb5 25. Qd2 Rb8 26. Ne5 Qe6 27. Kf2 Bc6 28. Rc1 Bxe4 29. Nxe4 Rb2 30. Rc2 Qxa2 31. Kf3 Rxc2 32. Qd6 Re8 33. f5 Qa5 0-1

[Event "Mitropa Cup Open 2019"]
[Site "Radenci"]
[Date "2019.05.28"]
[Round "2.13"]
[White "Dragnev, Valentin"]
[Black "Stella, Andrea"]
[Result "1-0"]
[ECO "D37"]
[WhiteElo "2521"]
[BlackElo "2511"]
[Annotator "RC"]
[PlyCount "35"]
[EventDate "2019.05.27"]
[EventType "team-tourn"]
[EventCountry "SLO"]
[SourceTitle "playchess.com"]
[Source "ChessBase"]
[SourceQuality "1"]
[WhiteTeam "Austria"]
[BlackTeam "Italy"]
[WhiteTeamCountry "AUT"]
[BlackTeamCountry "ITA"]
[TimeControl "40/5400+30:1800+30"]

1. d4 Nf6 2. c4 e6 3. Nf3 d5 4. Nc3 Be7 5. Bf4 O-O 6. e3 b6 7. Qc2 Ba6 8. Ne5 dxc4 9. Be2 Qc8 10. Nxc4 Nd5 11. O-O c5 12. Nd6 Bxd6 13. Bxd6 Nxc3 14. Bxa6 Qxa6 15. Bxf8 Ne2+ 16. Kh1 cxd4 17. Qe4 Nc6 18. Bxg7 1-0

[Event "Mitropa Cup Open 2019"]
[Site "Radenci"]
[Date "2019.05.28"]
[Round "2.15"]
[White "Mesaros, Florian"]
[Black "Shytaj, Luca"]
[Result "1-0"]
[ECO "E51"]
[WhiteElo "2439"]
[BlackElo "2490"]
[Annotator "RC"]
[PlyCount "69"]
[EventDate "2019.05.27"]
[EventType "team-tourn"]
[EventCountry "SLO"]
[SourceTitle "playchess.com"]
[Source "ChessBase"]
[SourceQuality "1"]
[WhiteTeam "Austria"]
[WhiteTeamCountry "AUT"]
[TimeControl "40/5400+30:1800+30"]

1. d4 Nf6 2. c4 e6 3. Nc3 Bb4 4. e3 O-O 5. Nf3 d5 6. Bd2 b6 7. cxd5 exd5 8. Rc1 a6 9. Bd3 Bd6 10. O-O Re8 11. b4 Bxb4 12. Ne5 Bb7 13. Be1 c5 14. f4 Qd6 15. Bg3 Nc6 16. Ne2 Rac8 17. Bh4 cxd4 18. exd4 Ne4 19. Bxe4 dxe4 20. Nc4 Qc7 21. a3 Bd6 22. Qb3 b5 23. Ne5 Bxe5 24. fxe5 Qd7 25. Rcd1 Rc7 26. Qg3 Ne7 27. Bxe7 Qxe7 28. Nf4 Kh8 29. Kh1 Rc2 30. Nh5 Rg8 31. d5 Rc5 32. Nf4 Rd8 33. e6 f6 34. d6 Qe8 35. e7 1-0

[Event "Mitropa Cup Open 2019"]
[Site "Radenci"]
[Date "2019.05.28"]
[Round "2.17"]
[White "Perske, Thore"]
[Black "Nguyen, Thai Dai Van"]
[Result "0-1"]
[ECO "B91"]
[WhiteElo "2456"]
[BlackElo "2548"]
[Annotator "RC"]
[PlyCount "170"]
[EventDate "2019.05.27"]
[EventType "team-tourn"]
[EventCountry "SLO"]
[SourceTitle "playchess.com"]
[Source "ChessBase"]
[SourceQuality "1"]
[WhiteTeam "Germany"]
[BlackTeam "Czech Republic"]
[WhiteTeamCountry "GER"]
[BlackTeamCountry "CZE"]
[TimeControl "40/5400+30:1800+30"]

1. e4 c5 2. Nf3 d6 3. d4 cxd4 4. Nxd4 Nf6 5. Nc3 a6 6. g3 e5 7. Nde2 Be7 8. Bg2 b5 9. Nd5 Nbd7 10. Nec3 Nb6 11. Nxf6+ Bxf6 12. Nd5 Nxd5 13. Qxd5 Be6 14. Qd2 O-O 15. O-O Rc8 16. Rd1 Bg4 17. Re1 Qc7 18. c3 Rfd8 19. Qd3 Qc4 20. Qxc4 bxc4 21. Be3 Rb8 22. Reb1 Be6 23. b3 Kf8 24. bxc4 Bxc4 25. Rb4 Rdc8 26. Bh3 Be6 27. Bf1 a5 28. Rxb8 Rxb8 29. a4 Bd8 30. Bb5 Rc8 31. Bd2 Bc4 32. Bxc4 Rxc4 33. f3 Ke7 34. Kf2 Ke6 35. Ke3 d5 36. Kd3 f5 37. exd5+ Kxd5 38. Kc2 e4 39. Rd1 Ke6 40. Kb3 Rc8 41. Re1 Kd5 42. fxe4+ fxe4 43. Rd1 Bf6 44. Bf4+ Ke6 45. c4 g5 46. Bd2 Rb8+ 47. Kc2 Rb2+ 48. Kc1 Ra2 49. Re1 Rxa4 50. Rxe4+ Kf5 51. Re3 Rxc4+ 52. Kb1 a4 53. Rf3+ Ke6 54. h3 h5 55. Re3+ Kf5 56. Rf3+ Kg6 57. Re3 g4 58. hxg4 hxg4 59. Re1 Bg5 60. Bxg5 Kxg5 61. Kb2 Rb4+ 62. Kc2 Rb5 63. Re4 Ra5 64. Kb2 a3+ 65. Ka2 Rf5 66. Re8 Rf3 67. Rg8+ Kf5 68. Rf8+ Ke4 69. Re8+ Kd4 70. Rd8+ Ke3 71. Kxa3 Kf2+ 72. Kb2 Kxg3 73. Kc2 Kf2 74. Rd2+ Kg1 75. Rd1+ Kg2 76. Kd2 g3 77. Ke2 Rf8 78. Rd5 Re8+ 79. Kd2 Kf2 80. Rf5+ Kg1 81. Rg5 g2 82. Rf5 Kh2 83. Rh5+ Kg3 84. Rg5+ Kf3 85. Kd1 Re4 0-1

[Event "Mitropa Cup Open 2019"]
[Site "Radenci"]
[Date "2019.05.30"]
[Round "4.2"]
[White "Pelletier, Yannick"]
[Black "Nagy, Gabor"]
[Result "1-0"]
[ECO "D50"]
[WhiteElo "2547"]
[BlackElo "2471"]
[Annotator "RC"]
[PlyCount "69"]
[EventDate "2019.05.27"]
[EventType "team-tourn"]
[EventCountry "SLO"]
[SourceTitle "playchess.com"]
[Source "ChessBase"]
[SourceQuality "1"]
[WhiteTeam "SUI"]
[BlackTeam "HUN"]
[BlackTeamCountry "HUN"]
[TimeControl "40/5400+30:1800+30"]

1. d4 Nf6 2. c4 e6 3. Nc3 d5 4. Bg5 dxc4 5. e4 c5 6. d5 Be7 7. Bxf6 Bxf6 8. Bxc4 exd5 9. exd5 O-O 10. Nge2 Nd7 11. O-O Ne5 12. Bb3 Bg4 13. h3 c4 14. hxg4 cxb3 15. g5 Bxg5 16. f4 Bh6 17. fxe5 Be3+ 18. Rf2 Qh4 19. g3 Bxf2+ 20. Kxf2 Qh2+ 21. Kf3 Qh5+ 22. Kg2 Qxe5 23. axb3 a6 24. Ra4 Rad8 25. Re4 Qd6 26. Qd4 Rfe8 27. Nf4 f5 28. Rxe8+ Rxe8 29. b4 g5 30. Nd3 b6 31. g4 Qg6 32. d6 Rd8 33. d7 fxg4 34. Ne5 Qe6 35. Qd5 1-0

[Event "Mitropa Cup Open 2019"]
[Site "Radenci"]
[Date "2019.05.30"]
[Round "4.3"]
[White "Kozak, Adam"]
[Black "Gaehwiler, Gabriel"]
[Result "1/2-1/2"]
[ECO "A30"]
[WhiteElo "2458"]
[BlackElo "2431"]
[Annotator "ChessBase"]
[PlyCount "111"]
[EventDate "2019.05.27"]
[EventType "team-tourn"]
[EventCountry "SLO"]
[SourceTitle "playchess.com"]
[Source "ChessBase"]
[SourceQuality "1"]
[WhiteTeam "Hungary"]
[BlackTeam "Switzerland"]
[WhiteTeamCountry "HUN"]
[BlackTeamCountry "SUI"]
[TimeControl "40/5400+30:1800+30"]

1. Nf3 Nf6 2. g3 g6 3. b3 Bg7 4. Bb2 O-O 5. Bg2 c5 6. c4 Nc6 7. O-O b6 8. d4 cxd4 9. Nxd4 Bb7 10. Nc3 Qc8 11. Nf3 d6 12. Rc1 Ne5 13. Nd5 Nxd5 14. cxd5 Nxf3+ 15. Bxf3 Bxb2 16. Rxc8 Raxc8 17. Qd2 Bc3 18. Qe3 Bf6 19. Rc1 Rxc1+ 20. Qxc1 Rc8 21. Qa3 a5 22. b4 Bc3 23. bxa5 Bxa5 24. Qa4 Rc5 25. Qe8+ Kg7 26. Qxe7 Bxd5 27. Bxd5 Rxd5 28. Qe3 Rd2 29. a4 Ra2 30. Qd4+ Kg8 31. Kf1 Rd2 32. Qe4 d5 33. Qe8+ Kg7 34. Qe5+ Kg8 35. g4 Ra2 36. h4 Kf8 37. Qd4 Kg8 38. h5 gxh5 39. gxh5 h6 40. Qe5 Bb4 41. Qg3+ Kf8 42. Qb8+ Kg7 43. Qxb6 Bc3 44. Qb5 d4 45. Kg2 Rb2 46. Qe5+ Kg8 47. Qg3+ Kh7 48. Qc7 Kg7 49. Qe5+ Kg8 50. a5 Ra2 51. Qg3+ Kh8 52. Qd6 Rxa5 53. Qf8+ Kh7 54. Qxf7+ Kh8 55. Qf6+ Kh7 56. Qg6+ 1/2-1/2

[Event "Mitropa Cup Open 2019"]
[Site "Radenci"]
[Date "2019.05.30"]
[Round "4.4"]
[White "Stijve, Theo"]
[Black "Csiki, Endre"]
[Result "1-0"]
[ECO "B46"]
[WhiteElo "2310"]
[BlackElo "2362"]
[Annotator "ChessBase"]
[PlyCount "77"]
[EventDate "2019.05.27"]
[EventType "team-tourn"]
[EventCountry "SLO"]
[SourceTitle "playchess.com"]
[Source "ChessBase"]
[SourceQuality "1"]
[WhiteTeam "Switzerland"]
[BlackTeam "Hungary"]
[WhiteTeamCountry "SUI"]
[BlackTeamCountry "HUN"]
[TimeControl "40/5400+30:1800+30"]

1. e4 c5 2. Nf3 e6 3. d4 cxd4 4. Nxd4 Nc6 5. Nc3 a6 6. Be3 Nf6 7. Qd2 e5 8. Nxc6 bxc6 9. a3 Be7 10. Be2 d5 11. exd5 cxd5 12. Bg5 d4 13. Bxf6 gxf6 14. Bf3 Rb8 15. Nd5 Rxb2 16. O-O Bb7 17. Qc1 Rb5 18. c4 dxc3 19. Nxe7 Bxf3 20. Qxc3 Bb7 21. Nf5 Rg8 22. f3 Rg5 23. Ng3 Qd4+ 24. Qxd4 exd4 25. Ne4 Bxe4 26. fxe4 Ke7 27. Rad1 Rb2 28. Rf2 Rxf2 29. Kxf2 Ra5 30. Rxd4 Rxa3 31. Rd5 Kf8 32. g3 a5 33. Kg2 a4 34. Ra5 Ra1 35. e5 f5 36. Kf3 a3 37. Kf4 a2 38. Kg5 Kg7 39. Ra7 1-0

[Event "Mitropa Cup Open 2019"]
[Site "Radenci"]
[Date "2019.05.30"]
[Round "4.5"]
[White "Sebenik, Matej"]
[Black "Jovanic, Ognjen"]
[Result "1/2-1/2"]
[ECO "D15"]
[WhiteElo "2522"]
[BlackElo "2511"]
[Annotator "RC"]
[PlyCount "89"]
[EventDate "2019.05.27"]
[EventType "team-tourn"]
[EventCountry "SLO"]
[SourceTitle "playchess.com"]
[Source "ChessBase"]
[SourceQuality "1"]
[WhiteTeam "Slovenia"]
[BlackTeam "Croatia"]
[WhiteTeamCountry "SLO"]
[BlackTeamCountry "CRO"]
[TimeControl "40/5400+30:1800+30"]

1. d4 d5 2. c4 c6 3. Nc3 Nf6 4. e3 a6 5. Nf3 Bf5 6. Ne5 Nbd7 7. Qb3 Qc7 8. cxd5 Nxe5 9. dxe5 Nxd5 10. Nxd5 cxd5 11. Bd2 Qxe5 12. Rc1 Bd7 13. Qb6 e6 14. Rc7 Bc8 15. Bxa6 Bd6 16. Bb5+ Kf8 17. Rc2 Ke7 18. Ke2 Rd8 19. Rhc1 Bd7 20. f4 Qe4 21. Kf2 Bxb5 22. Qxb5 Rd7 23. a3 g5 24. fxg5 Qh4+ 25. Kf1 Qxh2 26. Bb4 Qh1+ 27. Kf2 Qh4+ 28. Kg1 Qh2+ 29. Kf1 Qh1+ 30. Kf2 Qh4+ 31. Kg1 Bxb4 32. axb4 Qxg5 33. Qc5+ Kf6 34. b5 Kg7 35. b6 Rad8 36. Rc3 h6 37. Rf1 f5 38. Qd4+ Qf6 39. Qf4 d4 40. Rc7 d3 41. Qd6 Qf7 42. Qe5+ Qf6 43. Qd6 Qf7 44. Qe5+ Qf6 45. Qd6 1/2-1/2

[Event "Mitropa Cup Open 2019"]
[Site "Radenci"]
[Date "2019.05.30"]
[Round "4.6"]
[White "Kovacevic, Blazimir"]
[Black "Markoja, Boris"]
[Result "1-0"]
[ECO "A36"]
[WhiteElo "2456"]
[BlackElo "2441"]
[Annotator "ChessBase"]
[PlyCount "61"]
[EventDate "2019.05.27"]
[EventType "team-tourn"]
[EventCountry "SLO"]
[SourceTitle "playchess.com"]
[Source "ChessBase"]
[SourceQuality "1"]
[WhiteTeam "Croatia"]
[BlackTeam "Slovenia"]
[WhiteTeamCountry "CRO"]
[BlackTeamCountry "SLO"]
[TimeControl "40/5400+30:1800+30"]

1. c4 c5 2. g3 g6 3. Bg2 Bg7 4. Nc3 Nc6 5. b3 d6 6. Bb2 e5 7. e3 Nge7 8. Nge2 O-O 9. d3 Bf5 10. Qd2 Qd7 11. h4 h5 12. Ne4 f6 13. O-O Rad8 14. Kh2 b6 15. N4c3 Bh6 16. f4 g5 17. fxg5 fxg5 18. e4 Bg4 19. hxg5 Bg7 20. Nd5 Nxd5 21. exd5 Nd4 22. Ng1 e4 23. Bxe4 Be5 24. g6 h4 25. Rf7 hxg3+ 26. Kg2 Rxf7 27. gxf7+ Kf8 28. Qg5 Bg7 29. Rf1 Rb8 30. Bxd4 cxd4 31. Qg6 1-0

[Event "Mitropa Cup Open 2019"]
[Site "Radenci"]
[Date "2019.05.30"]
[Round "4.7"]
[White "Janzelj, Tim"]
[Black "Tica, Sven"]
[Result "1-0"]
[ECO "A13"]
[WhiteElo "2384"]
[BlackElo "2417"]
[Annotator "ChessBase"]
[PlyCount "85"]
[EventDate "2019.05.27"]
[EventType "team-tourn"]
[EventCountry "SLO"]
[SourceTitle "playchess.com"]
[Source "ChessBase"]
[SourceQuality "1"]
[WhiteTeam "SLO"]
[BlackTeam "CRO"]
[BlackTeamCountry "CRO"]
[TimeControl "40/5400+30:1800+30"]

1. Nf3 Nf6 2. c4 e6 3. g3 a6 4. Bg2 b5 5. b3 Bb7 6. O-O c5 7. Na3 Qb6 8. Bb2 Be7 9. e3 O-O 10. Qe2 b4 11. Nc2 d6 12. d3 Nbd7 13. e4 a5 14. a4 Rad8 15. Nd2 Qc7 16. f4 Ne8 17. g4 Bf6 18. Bxf6 Ndxf6 19. g5 Nd7 20. Qh5 f5 21. Rae1 g6 22. Qh3 Ng7 23. exf5 Bxg2 24. Qxg2 gxf5 25. h4 Rfe8 26. Qf3 Nf8 27. h5 Qf7 28. h6 Nh5 29. Ne3 Qg6 30. Ng2 e5 31. Nh4 Qf7 32. fxe5 dxe5 33. Ne4 Kh8 34. Nxf5 Re6 35. Nfd6 Qxf3 36. Rxf3 Kg8 37. Nb7 Rc8 38. Nbxc5 Rg6 39. Rf5 Rgc6 40. Rxe5 Ng6 41. Rf5 Nh4 42. Rf2 Re8 43. Ref1 1-0

[Event "Mitropa Cup Open 2019"]
[Site "Radenci"]
[Date "2019.05.30"]
[Round "4.8"]
[White "Srbis, Jurica"]
[Black "Subelj, Jan"]
[Result "0-1"]
[ECO "C94"]
[WhiteElo "2429"]
[BlackElo "2407"]
[Annotator "ChessBase"]
[PlyCount "76"]
[EventDate "2019.05.27"]
[EventType "team-tourn"]
[EventCountry "SLO"]
[SourceTitle "playchess.com"]
[Source "ChessBase"]
[SourceQuality "1"]
[WhiteTeam "Croatia"]
[BlackTeam "Slovenia"]
[WhiteTeamCountry "CRO"]
[BlackTeamCountry "SLO"]
[TimeControl "40/5400+30:1800+30"]

1. e4 e5 2. Nf3 Nc6 3. Bb5 a6 4. Ba4 Nf6 5. O-O Be7 6. Re1 b5 7. Bb3 d6 8. c3 O-O 9. h3 Nb8 10. d3 Nbd7 11. Nbd2 Bb7 12. Nf1 Nc5 13. Bc2 Re8 14. Ng3 Bf8 15. b4 Ncd7 16. d4 a5 17. Bb2 Nb6 18. bxa5 Nc4 19. Bc1 Rxa5 20. dxe5 dxe5 21. Qxd8 Rxd8 22. Bb3 Rd3 23. Rb1 Ba8 24. Bxc4 bxc4 25. a3 Nd7 26. Nf5 f6 27. Ne3 Ra4 28. Nd1 Ra6 29. Nd2 Rad6 30. Re2 Nb6 31. Rb2 Bc6 32. Ne3 Rd8 33. Nb1 Rd1+ 34. Nxd1 Rxd1+ 35. Kh2 Rxc1 36. f3 Ba4 37. Kg3 Bb3 38. Nd2 Rxc3 0-1

[Event "Mitropa Cup Open 2019"]
[Site "Radenci"]
[Date "2019.05.30"]
[Round "4.9"]
[White "Dragnev, Valentin"]
[Black "Gazik, Viktor"]
[Result "1-0"]
[ECO "E11"]
[WhiteElo "2521"]
[BlackElo "2520"]
[Annotator "RC"]
[PlyCount "61"]
[EventDate "2019.05.27"]
[EventType "team-tourn"]
[EventCountry "SLO"]
[SourceTitle "playchess.com"]
[Source "ChessBase"]
[SourceQuality "1"]
[WhiteTeam "Austria"]
[BlackTeam "Slovakia"]
[WhiteTeamCountry "AUT"]
[BlackTeamCountry "SVK"]
[TimeControl "40/5400+30:1800+30"]

1. d4 Nf6 2. c4 e6 3. Nf3 Bb4+ 4. Bd2 a5 5. g3 d6 6. Bg2 Nbd7 7. O-O e5 8. dxe5 dxe5 9. Nc3 c6 10. Qc2 O-O 11. a3 Be7 12. Rfd1 Qc7 13. Na4 b6 14. Be3 Re8 15. h3 Rb8 16. Rd2 Nc5 17. Nxc5 Bxc5 18. Bxc5 bxc5 19. Ng5 g6 20. Ne4 Nxe4 21. Qxe4 Be6 22. Rad1 Rb6 23. Qe3 Bxc4 24. Qxc5 Bb3 25. Rc1 a4 26. Bxc6 Rc8 27. Rd6 e4 28. Qd4 e3 29. fxe3 Qe7 30. Kf2 Ra6 31. Bxa4 1-0

[Event "Mitropa Cup Open 2019"]
[Site "Radenci"]
[Date "2019.05.30"]
[Round "4.10"]
[White "Repka, Christopher"]
[Black "Blohberger, Felix"]
[Result "1/2-1/2"]
[ECO "D00"]
[WhiteElo "2482"]
[BlackElo "2475"]
[Annotator "ChessBase"]
[PlyCount "61"]
[EventDate "2019.05.27"]
[EventType "team-tourn"]
[EventCountry "SLO"]
[SourceTitle "playchess.com"]
[Source "ChessBase"]
[SourceQuality "1"]
[WhiteTeam "Slovakia"]
[BlackTeam "Austria"]
[WhiteTeamCountry "SVK"]
[BlackTeamCountry "AUT"]
[TimeControl "40/5400+30:1800+30"]

1. d4 Nf6 2. Bf4 d5 3. e3 c5 4. c3 Nc6 5. Nd2 e6 6. Nh3 Bd6 7. Bxd6 Qxd6 8. f4 Ne7 9. Bd3 Qb6 10. Rb1 Bd7 11. Qe2 a6 12. Nf2 O-O 13. O-O Bb5 14. dxc5 Qxc5 15. Bxb5 Qxb5 16. Qxb5 axb5 17. a3 Nf5 18. Rfe1 Nd6 19. e4 dxe4 20. Ndxe4 Nfxe4 21. Nxe4 Nc4 22. Nc5 b6 23. Nb3 Rfd8 24. Nd4 Rd5 25. Re2 h6 26. Rbe1 Rad8 27. f5 e5 28. Nc6 Re8 29. b3 Na5 30. Nxe5 Nxb3 31. g4 1/2-1/2

[Event "Mitropa Cup Open 2019"]
[Site "Radenci"]
[Date "2019.05.30"]
[Round "4.11"]
[White "Mesaros, Florian"]
[Black "Pechac, Jergus"]
[Result "0-1"]
[ECO "D15"]
[WhiteElo "2439"]
[BlackElo "2461"]
[Annotator "ChessBase"]
[PlyCount "62"]
[EventDate "2019.05.27"]
[EventType "team-tourn"]
[EventCountry "SLO"]
[SourceTitle "playchess.com"]
[Source "ChessBase"]
[SourceQuality "1"]
[WhiteTeam "Austria"]
[BlackTeam "Slovakia"]
[WhiteTeamCountry "AUT"]
[BlackTeamCountry "SVK"]
[TimeControl "40/5400+30:1800+30"]

1. d4 d5 2. c4 c6 3. Nf3 Nf6 4. e3 Bf5 5. Nc3 a6 6. Bd2 e6 7. Nh4 Bg4 8. f3 Bh5 9. cxd5 Nxd5 10. g3 c5 11. e4 Nxc3 12. Bxc3 Be7 13. Be2 Bxh4 14. gxh4 Nc6 15. dxc5 Qxh4+ 16. Kf1 Rd8 17. Qe1 Qh3+ 18. Kf2 f5 19. exf5 Rf8 20. f6 Nd4 21. Rd1 Bxf3 22. Bxd4 Bc6 23. Bc3 Qg2+ 24. Ke3 Qg5+ 25. Kf2 Qxc5+ 26. Kg3 Qe3+ 27. Kh4 g5+ 28. Kh5 Qh3+ 29. Kxg5 Rg8+ 30. Kf4 Qh6+ 31. Ke5 Qe3# {[%emt 0:00:15] Kd4} 0-1

[Event "Mitropa Cup Open 2019"]
[Site "Radenci"]
[Date "2019.05.30"]
[Round "4.12"]
[White "Sahidi, Samir"]
[Black "Horvath, Dominik"]
[Result "0-1"]
[ECO "E38"]
[WhiteElo "2400"]
[BlackElo "2406"]
[Annotator "ChessBase"]
[PlyCount "126"]
[EventDate "2019.05.27"]
[EventType "team-tourn"]
[EventCountry "SLO"]
[SourceTitle "playchess.com"]
[Source "ChessBase"]
[SourceQuality "1"]
[WhiteTeam "Slovakia"]
[BlackTeam "Austria"]
[WhiteTeamCountry "SVK"]
[BlackTeamCountry "AUT"]
[TimeControl "40/5400+30:1800+30"]

1. d4 Nf6 2. Nf3 d5 3. c4 e6 4. Nc3 Bb4 5. e3 O-O 6. Qc2 c5 7. dxc5 Nbd7 8. Bd2 Nxc5 9. a3 Bxc3 10. Bxc3 Nce4 11. Bd3 Nxc3 12. Qxc3 dxc4 13. Bxc4 b6 14. O-O Bb7 15. Rfd1 Qc7 16. Nd4 Ng4 17. g3 Qe5 18. Be2 Rac8 19. Qd2 Qh5 20. h4 Qg6 21. Rac1 Rcd8 22. Qc2 Be4 23. Qc7 h5 24. a4 e5 25. Nc6 Rxd1+ 26. Bxd1 Qe6 27. Qe7 Qf5 28. f3 Bxc6 29. Rxc6 Nxe3 30. Be2 Nc2 31. Kf2 Nd4 32. Rc3 Nxe2 33. Kxe2 Qb1 34. Qxe5 Qxb2+ 35. Ke3 Rd8 36. Kf4 Qb4+ 37. Kf5 Qxa4 38. Rc7 Qd1 39. Qe3 Qd6 40. Qe7 Qg6+ 41. Kf4 Rd6 42. Qg5 Rd4+ 43. Ke3 Qd3+ 44. Kf2 Qd2+ 45. Qxd2 Rxd2+ 46. Ke3 Ra2 47. Rc8+ Kh7 48. Rc7 f6 49. Rb7 Kg6 50. g4 hxg4 51. fxg4 Ra5 52. Kf4 b5 53. h5+ Kh6 54. Rb8 Kh7 55. Kf5 a6 56. Ke6 Ra4 57. Kf5 b4 58. Ke6 a5 59. Kf7 b3 60. Rxb3 Rxg4 61. Rb8 Rb4 62. Ra8 Rb7+ 63. Ke6 Rb5 0-1